[Event "39th Olympiad Khanty-Mansiysk 2010"]
[Site "Khanty-Mansiysk/Russia"]
[Date "2010.09.21"]
[Round "1"]
[White "Toro Pradenas, Maria Jose"]
[Black "Levushkina, Elena"]
[Result "0-1"]
[WhiteElo "1951"]
[BlackElo "2346"]
[PlyCount "72"]
[EventDate "2010.??.??"]
[WhiteTeam "Chile"]
[BlackTeam "Germany"]
[WhiteTeamCountry "CHI"]
[BlackTeamCountry "GER"]
[TimeControl "40/5400+30:1800+30"]

1. e4 c5 2. c3 g6 3. d4 cxd4 4. cxd4 d5 5. e5 Bg7 6. Nf3 Bg4 7. Qb3 Qb6 8. Qxb6
axb6 9. Nc3 Bxf3 10. gxf3 Nc6 11. Be3 Ra5 12. Bb5 e6 13. b4 Ra3 14. Kd2 Nge7
15. Rhb1 O-O 16. Rb2 Nf5 17. Nb1 Raa8 18. Bxc6 bxc6 19. a4 c5 20. bxc5 bxc5 21.
Kd3 cxd4 22. Bf4 Rfc8 23. Rb4 h6 24. Ra2 g5 25. Bg3 Rc5 26. f4 Rca5 27. fxg5
hxg5 28. Nd2 Bf8 29. Rb3 Rxa4 30. Rxa4 Rxa4 31. f4 Nxg3 32. hxg3 gxf4 33. gxf4
Bh6 34. Nf3 Bxf4 35. Rb8+ Kg7 36. Rb3 Kg6 0-1

[Event "39th Olympiad Khanty-Mansiysk 2010"]
[Site "Khanty-Mansiysk/Russia"]
[Date "2010.09.21"]
[Round "1"]
[White "Latreche, Sabrina"]
[Black "Brunello, Marina"]
[Result "0-1"]
[WhiteElo "1951"]
[BlackElo "2212"]
[PlyCount "76"]
[EventDate "2010.??.??"]
[WhiteTeam "Algeria"]
[BlackTeam "Italy"]
[WhiteTeamCountry "ALG"]
[BlackTeamCountry "ITA"]
[TimeControl "40/5400+30:1800+30"]

1. d4 Nf6 2. Nf3 e6 3. Bg5 Be7 4. c4 d5 5. e3 Nbd7 6. Nc3 O-O 7. Qc2 c6 8. Rc1
dxc4 9. Bxc4 Nd5 10. Bxe7 Qxe7 11. O-O Re8 12. a3 a5 13. Bd3 h6 14. Ne4 e5 15.
Rfd1 f5 16. Nc3 e4 17. Bc4 exf3 18. Bxd5+ cxd5 19. Qxf5 Nf6 20. Qxf3 Be6 21. h3
Qd7 22. Kh1 Ne4 23. Nxe4 dxe4 24. Qg3 Rac8 25. Qh2 Bd5 26. g4 Qf7 27. Qg2 Bc4
28. Re1 Rf8 29. Kg1 Qd5 30. Rc2 Bf1 31. Rxc8 Bxg2 32. Rxf8+ Kxf8 33. Kxg2 Qb3
34. Rc1 Qxb2 35. Rc5 Qxa3 36. Re5 a4 37. Rxe4 Qd6 38. Rf4+ Qxf4 0-1

[Event "39th Olympiad Khanty-Mansiysk 2010"]
[Site "Khanty-Mansiysk/Russia"]
[Date "2010.09.21"]
[Round "1"]
[White "Tilenbaev, Baktygul"]
[Black "Vasiliev, Olga"]
[Result "0-1"]
[WhiteElo "1944"]
[BlackElo "2293"]
[PlyCount "120"]
[EventDate "2010.??.??"]
[WhiteTeam "Kyrgyzstan"]
[BlackTeam "Israel"]
[WhiteTeamCountry "KGZ"]
[BlackTeamCountry "ISR"]
[TimeControl "40/5400+30:1800+30"]

1. e4 c5 2. Nc3 a6 3. a4 b6 4. Bc4 e6 5. d3 Bb7 6. Nf3 d5 7. exd5 exd5 8. Qe2+
Be7 9. Ba2 Nf6 10. O-O O-O 11. Bf4 Nc6 12. Rae1 Re8 13. Qd2 b5 14. axb5 axb5
15. Bb1 Qb6 16. Ne2 d4 17. Ng3 Nd5 18. Nf5 Bf8 19. Rxe8 Rxe8 20. Bd6 Nce7 21.
Bxe7 Nxe7 22. Nxe7+ Rxe7 23. Qf4 Re6 24. Ng5 Rf6 25. Qe5 h6 26. Ne4 Re6 27. Qf4
Bxe4 28. dxe4 Bd6 29. Qf3 c4 30. b3 Qc5 31. bxc4 bxc4 32. g3 Be5 33. Kg2 Rb6
34. Qe2 Rb2 35. Qd1 Qc6 36. Re1 Qb7 37. Kg1 Bc7 38. e5 Ba5 39. Rf1 Bc3 40. h3
Qb5 41. Qg4 Qa6 42. Qd7 g6 43. h4 Qb6 44. e6 Qxe6 45. Qxe6 fxe6 46. Kg2 Kf7 47.
Kf3 Ke7 48. Ke4 Kd6 49. f4 h5 50. Rd1 Kc5 51. Rf1 Kb4 52. Kf3 Ka3 53. g4 Rb5
54. gxh5 Rxh5 55. Rg1 Rxh4 56. Rxg6 Rh1 57. Rxe6 Rxb1 58. f5 Rf1+ 59. Ke4 Kb2
60. Rc6 Kxc2 0-1

[Event "39th Olympiad Khanty-Mansiysk 2010"]
[Site "Khanty-Mansiysk/Russia"]
[Date "2010.09.21"]
[Round "1"]
[White "Solomons, Anzel"]
[Black "Nikolova, Adriana"]
[Result "0-1"]
[WhiteElo "1932"]
[BlackElo "2295"]
[PlyCount "100"]
[EventDate "2010.??.??"]
[WhiteTeam "South Africa"]
[BlackTeam "Bulgaria"]
[WhiteTeamCountry "RSA"]
[BlackTeamCountry "BUL"]
[TimeControl "40/5400+30:1800+30"]

1. d4 Nf6 2. Nf3 e6 3. Bf4 b6 4. e3 Bb7 5. Nbd2 Be7 6. Bd3 d5 7. Ne5 O-O 8. c3
c5 9. O-O Ne4 10. f3 Nxd2 11. Qxd2 f6 12. Ng4 Nc6 13. e4 cxd4 14. exd5 Qxd5 15.
Be4 Qd7 16. cxd4 Nxd4 17. Bxb7 Qxb7 18. Kh1 Rfd8 19. Qd1 Rac8 20. Rc1 Rxc1 21.
Qxc1 e5 22. Be3 Nf5 23. Bf2 Qc8 24. Ne3 Qxc1 25. Rxc1 Nxe3 26. Bxe3 Rd3 27. Bg1
Kf7 28. h3 Ke6 29. Rc7 Rd1 30. Kh2 Rd7 31. Rc2 Bd6 32. g3 Rc7 33. Rxc7 Bxc7 34.
Kg2 Kd5 35. Kf2 Bd6 36. Ke2 Bc5 37. Bxc5 Kxc5 38. Kd3 Kd5 39. h4 f5 40. b3 b5
41. h5 b4 42. Ke3 g6 43. hxg6 hxg6 44. Kd3 e4+ 45. Ke3 Ke5 46. fxe4 fxe4 47.
Ke2 Kd4 48. Kd2 e3+ 49. Ke2 Ke4 50. g4 g5 0-1

[Event "39th Olympiad Khanty-Mansiysk 2010"]
[Site "Khanty-Mansiysk/Russia"]
[Date "2010.09.21"]
[Round "1"]
[White "Al-Gildah, Nibal"]
[Black "Plazaola, Maria De Los An"]
[Result "0-1"]
[WhiteElo "1932"]
[BlackElo "2203"]
[PlyCount "86"]
[EventDate "2010.??.??"]
[WhiteTeam "Syria"]
[BlackTeam "Argentina"]
[WhiteTeamCountry "SYR"]
[BlackTeamCountry "ARG"]
[TimeControl "40/5400+30:1800+30"]

1. e4 c5 2. Nf3 Nc6 3. d4 cxd4 4. Nxd4 d6 5. Be2 Nf6 6. f3 g6 7. c3 Bg7 8. Be3
Bd7 9. Qd2 Rc8 10. Na3 a6 11. O-O O-O 12. Kh1 d5 13. Nxc6 Bxc6 14. e5 Nd7 15.
f4 e6 16. Bd4 b5 17. Nc2 a5 18. Qe3 Qc7 19. Rac1 Qb7 20. h4 Nb8 21. Qh3 Rfe8
22. h5 Qe7 23. hxg6 hxg6 24. Bd3 Nd7 25. Rcd1 Nc5 26. Bxc5 Qxc5 27. Nd4 Bd7 28.
Rf3 b4 29. Nb3 Qb6 30. cxb4 Qxb4 31. Rb1 a4 32. Nc1 Qd2 33. Ne2 Rb8 34. Qg4 Bb5
35. Bxb5 Rxb5 36. Ng3 Rxb2 37. Rxb2 Qxb2 38. a3 Rc8 39. f5 exf5 40. Qxa4 Bxe5
41. Qa6 Rc2 42. Qa8+ Kg7 43. Qxd5 Rxg2 0-1

[Event "39th Olympiad Khanty-Mansiysk 2010"]
[Site "Khanty-Mansiysk/Russia"]
[Date "2010.09.21"]
[Round "1"]
[White "Stojkovska, Monika"]
[Black "Melia, Salome"]
[Result "0-1"]
[WhiteElo "1928"]
[BlackElo "2439"]
[PlyCount "64"]
[EventDate "2010.??.??"]
[WhiteTeam "MKD"]
[BlackTeam "Georgia"]
[BlackTeamCountry "GEO"]
[TimeControl "40/5400+30:1800+30"]

1. e4 c5 2. Nf3 d6 3. d4 cxd4 4. Nxd4 Nf6 5. Nc3 Nc6 6. Be2 g6 7. Be3 Bg7 8.
O-O O-O 9. f4 Qb6 10. Na4 Qb4 11. c3 Qa5 12. b4 Qc7 13. Bf3 Bd7 14. Nb2 a6 15.
a4 e5 16. Ne2 exf4 17. Bxf4 Ne5 18. Bxe5 dxe5 19. Qc2 Rac8 20. Kh1 Ng4 21. Nd1
Bh6 22. Qb3 Be6 23. Qb2 Rfd8 24. h3 Rd2 25. Qa3 Nf6 26. Nb2 Nxe4 27. Bxe4 Rxe2
28. Bd3 Rd2 29. c4 Bxh3 30. Be4 Be6 31. c5 Qd8 32. Nd3 Qh4+ 0-1

[Event "39th Olympiad Khanty-Mansiysk 2010"]
[Site "Khanty-Mansiysk/Russia"]
[Date "2010.09.21"]
[Round "1"]
[White "Shabanaj, Alda"]
[Black "Tania, Sachdev"]
[Result "0-1"]
[WhiteElo "1926"]
[BlackElo "2382"]
[PlyCount "70"]
[EventDate "2010.??.??"]
[WhiteTeam "Albania"]
[BlackTeam "India"]
[WhiteTeamCountry "ALB"]
[BlackTeamCountry "IND"]
[TimeControl "40/5400+30:1800+30"]

1. d4 Nf6 2. c4 e6 3. Nf3 b6 4. g3 Bb7 5. Bg2 Be7 6. O-O O-O 7. Nc3 Na6 8. a3
d5 9. cxd5 exd5 10. Bg5 h6 11. Bxf6 Bxf6 12. Rc1 Re8 13. Re1 c5 14. e3 c4 15.
b3 Be7 16. b4 Bf6 17. Nd2 Rb8 18. Qa4 Nc7 19. b5 Re7 20. Rb1 Ne6 21. Qb4 Qd7
22. a4 Rbe8 23. Rec1 Ng5 24. Nf3 Nh3+ 25. Kf1 Qf5 26. Ne2 g5 27. Bxh3 Qxh3+ 28.
Kg1 Bc8 29. Qd6 Bg4 30. Qxf6 Re6 31. Nxg5 hxg5 32. Qxg5+ Rg6 33. Qxd5 Bxe2 34.
Rb2 Bd3 35. Ra2 Be4 0-1

[Event "39th Olympiad Khanty-Mansiysk 2010"]
[Site "Khanty-Mansiysk/Russia"]
[Date "2010.09.21"]
[Round "1"]
[White "Jung, Young Hoon"]
[Black "Bitoon, Richard"]
[Result "0-1"]
[WhiteElo "1923"]
[BlackElo "2447"]
[PlyCount "98"]
[EventDate "2010.??.??"]
[WhiteTeam "Korea"]
[BlackTeam "Philippines"]
[WhiteTeamCountry "KOR"]
[BlackTeamCountry "PHI"]
[TimeControl "40/5400+30:1800+30"]

1. d4 Nf6 2. c4 e6 3. Nf3 b6 4. g3 Ba6 5. Qc2 Bb7 6. Bg2 Bb4+ 7. Bd2 Be7 8. O-O
O-O 9. d5 exd5 10. Nh4 c6 11. cxd5 cxd5 12. Nc3 Na6 13. Nf5 Rc8 14. Bf4 Ne4 15.
Bxe4 dxe4 16. Bd6 Bf6 17. Bxf8 Qxf8 18. Qd2 Rc5 19. Ne3 Bxc3 20. bxc3 Bc6 21.
c4 Nc7 22. Rfd1 Ne6 23. Qd6 Qxd6 24. Rxd6 Kf8 25. Rad1 Ra5 26. R1d2 Ra3 27. Kf1
g6 28. Ng4 Nc5 29. Ne3 Ke7 30. R6d4 f5 31. Nd5+ Kf7 32. Nb4 Ba4 33. Ke1 Rc3 34.
Kf1 Ke8 35. g4 Ne6 36. Rd6 Nf4 37. Ke1 Rc1+ 38. Rd1 Rxd1+ 39. Rxd1 Bxd1 40.
Kxd1 fxg4 41. Kd2 Ng2 42. Nd5 Kf7 43. Nc3 e3+ 44. fxe3 h5 45. a4 Ke6 46. e4 h4
47. Nd1 Ke5 48. Nf2 Kf4 49. e3+ Kf3 0-1

[Event "39th Olympiad Khanty-Mansiysk 2010"]
[Site "Khanty-Mansiysk/Russia"]
[Date "2010.09.21"]
[Round "1"]
[White "Pasku, Roela"]
[Black "Meenakshi, Subbaraman"]
[Result "0-1"]
[WhiteElo "1912"]
[BlackElo "2336"]
[PlyCount "72"]
[EventDate "2010.??.??"]
[WhiteTeam "Albania"]
[BlackTeam "India"]
[WhiteTeamCountry "ALB"]
[BlackTeamCountry "IND"]
[TimeControl "40/5400+30:1800+30"]

1. d4 d6 2. c4 e5 3. dxe5 dxe5 4. Qxd8+ Kxd8 5. Nf3 f6 6. Nc3 c6 7. e4 Be6 8.
Be3 Nd7 9. Be2 Bc5 10. Bxc5 Nxc5 11. b4 Nd7 12. O-O Nh6 13. Nd2 Nf7 14. Rfd1
Ke7 15. a4 a5 16. b5 Nc5 17. Rab1 Rhd8 18. g3 g5 19. Nb3 Rxd1+ 20. Bxd1 Kd6 21.
Bc2 Nxb3 22. Bxb3 Kc5 23. Rc1 Nd6 24. f3 Nxc4 25. bxc6 bxc6 26. Nb1 Rb8 27. Nd2
Rb4 28. h4 Kd4 29. Nxc4 Bxc4 30. Bd1 gxh4 31. gxh4 Rb2 32. f4 exf4 33. Bf3 c5
34. h5 h6 35. Rd1+ Bd3 36. Rc1 c4 0-1

[Event "39th Olympiad Khanty-Mansiysk 2010"]
[Site "Khanty-Mansiysk/Russia"]
[Date "2010.09.21"]
[Round "1"]
[White "Mencos, Claudia"]
[Black "Marrero Lopez, Yaniet"]
[Result "0-1"]
[WhiteElo "1912"]
[BlackElo "2324"]
[PlyCount "74"]
[EventDate "2010.??.??"]
[WhiteTeam "Guatemala"]
[BlackTeam "Cuba"]
[WhiteTeamCountry "GUA"]
[BlackTeamCountry "CUB"]
[TimeControl "40/5400+30:1800+30"]

1. e4 e5 2. Nf3 Nc6 3. Nc3 Nf6 4. Bb5 Bd6 5. O-O O-O 6. Bxc6 bxc6 7. d4 exd4 8.
Qxd4 c5 9. Qd3 Ng4 10. h3 Ne5 11. Nxe5 Bxe5 12. Qd5 Bxc3 13. Qxa8 Bd4 14. c3
Bf6 15. Qxa7 d6 16. a4 Qe7 17. Re1 Bh4 18. Bd2 Qf6 19. g3 Bxh3 20. Re3 Qg6 21.
Qb7 Bg5 22. a5 Bxe3 23. Bxe3 Qh5 24. e5 Bg4 25. Qg2 Bf3 26. g4 Bxg4 27. exd6
cxd6 28. Bf4 Bf3 29. Qh2 Qd5 30. Qg3 Re8 31. Qg5 Qe4 32. Bxd6 h6 33. Qf4 Qd3
34. Bxc5 Qg6+ 35. Qg3 Qh5 36. Qh2 Qxc5 37. a6 Qa5 0-1

[Event "39th Olympiad Khanty-Mansiysk 2010"]
[Site "Khanty-Mansiysk/Russia"]
[Date "2010.09.21"]
[Round "1"]
[White "Bakri, Alia Anin Azwa"]
[Black "Repkova, Eva"]
[Result "0-1"]
[WhiteElo "1904"]
[BlackElo "2447"]
[PlyCount "92"]
[EventDate "2010.??.??"]
[WhiteTeam "Malaysia"]
[BlackTeam "Slovakia"]
[WhiteTeamCountry "MAS"]
[BlackTeamCountry "SVK"]
[TimeControl "40/5400+30:1800+30"]

1. d4 d5 2. c4 Nc6 3. e3 e5 4. dxe5 d4 5. a3 Nge7 6. Nf3 Bg4 7. Be2 dxe3 8.
Bxe3 Qxd1+ 9. Bxd1 O-O-O 10. Nc3 Bxf3 11. Bxf3 Nxe5 12. Be2 Nf5 13. Nd1 h5 14.
h3 Be7 15. O-O g5 16. g3 Bf6 17. Rb1 g4 18. hxg4 hxg4 19. Kg2 Nd6 20. b3 Ne4
21. Re1 Ng5 22. Bxg5 Bxg5 23. a4 f5 24. Rh1 Rhg8 25. Nc3 Rd2 26. Rhe1 c6 27.
Bd1 Nf3 28. Re2 Rh8 29. Rxd2 Rh2+ 30. Kf1 Nxd2+ 31. Kg1 Nxb1 32. Nxb1 Rh8 33.
Kf1 Kd7 34. Nc3 Ke6 35. Be2 Rh1+ 36. Kg2 Rc1 37. Nd1 Ke5 38. b4 Kd4 39. f3 Rc2
40. Kf1 gxf3 41. Bxf3 Rxc4 42. b5 Kc5 43. bxc6 bxc6 44. Nb2 Rc1+ 45. Bd1 Kd4
46. a5 Rb1 0-1

[Event "39th Olympiad Khanty-Mansiysk 2010"]
[Site "Khanty-Mansiysk/Russia"]
[Date "2010.09.21"]
[Round "1"]
[White "Taweesupmun, Chanida"]
[Black "Bjerke, Silje"]
[Result "0-1"]
[WhiteElo "1904"]
[BlackElo "2205"]
[PlyCount "116"]
[EventDate "2010.??.??"]
[WhiteTeam "Thailand"]
[BlackTeam "Norway"]
[WhiteTeamCountry "THA"]
[BlackTeamCountry "NOR"]
[TimeControl "40/5400+30:1800+30"]

1. d4 Nf6 2. Nf3 g6 3. g3 Bg7 4. Bg2 O-O 5. O-O d5 6. Nc3 c6 7. Re1 Bf5 8. Nh4
Be6 9. Nf3 Nbd7 10. e4 Nxe4 11. Nxe4 dxe4 12. Ng5 Bd5 13. Nxe4 Nf6 14. Nxf6+
Bxf6 15. c3 Bxg2 16. Kxg2 Qd5+ 17. Qf3 Rad8 18. Bf4 Qxf3+ 19. Kxf3 Rd5 20. Be5
Kg7 21. Bxf6+ Kxf6 22. Re4 Rfd8 23. Rae1 Rf5+ 24. Rf4 Rxf4+ 25. Kxf4 g5+ 26.
Kg4 h5+ 27. Kxh5 Rh8+ 28. Kg4 Rxh2 29. Re2 e6 30. Kf3 Ke7 31. g4 Rh3+ 32. Ke4
Kd6 33. f4 Rg3 34. fxg5 Rxg4+ 35. Kf3 Rxg5 36. Rh2 c5 37. dxc5+ Kxc5 38. Rh7
Rf5+ 39. Ke3 b5 40. Rh8 Re5+ 41. Kf3 Kc4 42. Rd8 Rd5 43. Rc8+ Kd3 44. Rc7 Rf5+
45. Kg2 a5 46. b4 axb4 47. cxb4 f6 48. Rc6 e5 49. Rd6+ Ke2 50. Re6 Ke3 51. a3
e4 52. Rb6 Ke2 53. Kg3 Rf3+ 54. Kg2 f5 55. Rxb5 f4 56. Re5 Re3 57. Rf5 f3+ 58.
Kg1 Rxa3 0-1

[Event "39th Olympiad Khanty-Mansiysk 2010"]
[Site "Khanty-Mansiysk/Russia"]
[Date "2010.09.21"]
[Round "1"]
[White "Alattar, Ghayda"]
[Black "Havlikova, Kristyna"]
[Result "0-1"]
[WhiteElo "1891"]
[BlackElo "2318"]
[PlyCount "44"]
[EventDate "2010.??.??"]
[WhiteTeam "Jordan"]
[BlackTeam "Czech Republic"]
[WhiteTeamCountry "JOR"]
[BlackTeamCountry "CZE"]
[TimeControl "40/5400+30:1800+30"]

1. d4 Nf6 2. Nf3 g6 3. e3 Bg7 4. c4 O-O 5. Nc3 d5 6. b3 c5 7. Bb2 cxd4 8. exd4
Nc6 9. Be2 Bg4 10. h3 Bxf3 11. Bxf3 dxc4 12. Bxc6 bxc6 13. bxc4 Rb8 14. Rb1 Qa5
15. Qf3 c5 16. O-O cxd4 17. Nd5 Nxd5 18. cxd5 Qxa2 19. Qa3 Qxd5 20. Qxa7 Rb7
21. Qa3 Rfb8 22. Rfd1 Rb3 0-1

[Event "39th Olympiad Khanty-Mansiysk 2010"]
[Site "Khanty-Mansiysk/Russia"]
[Date "2010.09.21"]
[Round "1"]
[White "Al-Zarouni, Kholoud Essa"]
[Black "Rogule, Laura"]
[Result "0-1"]
[WhiteElo "1890"]
[BlackElo "2354"]
[PlyCount "34"]
[EventDate "2010.??.??"]
[WhiteTeam "United Arab Emirates"]
[BlackTeam "Latvia"]
[WhiteTeamCountry "UAE"]
[BlackTeamCountry "LAT"]
[TimeControl "40/5400+30:1800+30"]

1. e4 c5 2. c3 Nf6 3. e5 Nd5 4. d4 cxd4 5. cxd4 Nc6 6. Bc4 Nb6 7. Bb3 d6 8. Bf4
dxe5 9. dxe5 Qxd1+ 10. Kxd1 g6 11. Nd2 Bg7 12. Ngf3 h6 13. h4 Bg4 14. Re1 Rd8
15. Kc1 Nb4 16. Bc2 Rc8 17. Nd4 Nd3+ 0-1

[Event "39th Olympiad Khanty-Mansiysk 2010"]
[Site "Khanty-Mansiysk/Russia"]
[Date "2010.09.21"]
[Round "1"]
[White "Mudongo, Boikhutso"]
[Black "Schut, Lisa"]
[Result "0-1"]
[WhiteElo "1876"]
[BlackElo "2288"]
[PlyCount "66"]
[EventDate "2010.??.??"]
[WhiteTeam "Botswana"]
[BlackTeam "Netherlands"]
[WhiteTeamCountry "BOT"]
[BlackTeamCountry "NED"]
[TimeControl "40/5400+30:1800+30"]

1. e4 c5 2. Nf3 d6 3. d4 cxd4 4. Nxd4 Nf6 5. Nc3 a6 6. Bd3 e5 7. Nb3 Be7 8. f3
Be6 9. Qe2 Nc6 10. Be3 b5 11. a3 O-O 12. g4 d5 13. exd5 Nxd5 14. Nxd5 Bh4+ 15.
Bf2 Bxd5 16. O-O-O Bxf2 17. Qxf2 Qg5+ 18. Kb1 Bxb3 19. cxb3 Nd4 20. f4 Qf6 21.
g5 Qe6 22. Rhe1 Qxb3 23. fxe5 Ne6 24. h4 Rad8 25. Qe3 Nc5 26. Bc2 Rxd1+ 27.
Bxd1 Qc4 28. h5 Rc8 29. g6 Nd3 30. gxf7+ Kf8 31. e6 Qc1+ 32. Qxc1 Rxc1+ 33. Ka2
Nxe1 0-1

[Event "39th Olympiad Khanty-Mansiysk 2010"]
[Site "Khanty-Mansiysk/Russia"]
[Date "2010.09.21"]
[Round "1"]
[White "Bacchas, Clevert"]
[Black "Palacios, Efrain"]
[Result "0-1"]
[WhiteElo "1871"]
[BlackElo "2184"]
[PlyCount "87"]
[EventDate "2010.??.??"]
[WhiteTeam "Bermuda"]
[BlackTeam "Peru"]
[WhiteTeamCountry "BER"]
[BlackTeamCountry "PER"]
[TimeControl "40/5400+30:1800+30"]

1. Nf3 c5 2. g3 b6 3. Bg2 Bb7 4. c4 Nf6 5. Nc3 d6 6. O-O e6 7. e3 Be7 8. d4 O-O
9. Re1 Nbd7 10. e4 cxd4 11. Nxd4 Qb8 12. b3 a6 13. Bb2 Re8 14. Qd2 Bf8 15. Rad1
Qc7 16. h3 h5 17. Nde2 g6 18. Nf4 Rac8 19. Ba3 Nc5 20. Nd3 Nfd7 21. f4 Qb8 22.
Kh2 Rcd8 23. Qe2 Rc8 24. g4 hxg4 25. hxg4 d5 26. Bxc5 Nxc5 27. e5 dxc4 28. bxc4
Kg7 29. Nxc5 Bxc5 30. Ne4 Bxe4 31. Qxe4 Rcd8 32. Kg3 Rxd1 33. Rxd1 Rd8 34. Rd3
Rxd3+ 35. Qxd3 g5 36. Qd7 Be3 37. Qd6 Bxf4+ 38. Kf2 Qxd6 39. exd6 Bxd6 40. a4
Kf6 41. Ke3 Ke5 42. Bf1 Bc5+ 43. Kf3 Kd4 44. Be2 0-1

[Event "39th Olympiad Khanty-Mansiysk 2010"]
[Site "Khanty-Mansiysk/Russia"]
[Date "2010.09.21"]
[Round "1"]
[White "Hazim, Elizabeth"]
[Black "Foisor, Sabina-Francesca"]
[Result "0-1"]
[WhiteElo "1858"]
[BlackElo "2293"]
[PlyCount "74"]
[EventDate "2010.??.??"]
[WhiteTeam "Dominican Republic"]
[BlackTeam "United States"]
[WhiteTeamCountry "DOM"]
[BlackTeamCountry "USA"]
[TimeControl "40/5400+30:1800+30"]

1. e4 c5 2. Nc3 g6 3. g3 Bg7 4. d3 Nc6 5. Bg2 Rb8 6. f4 d6 7. Nf3 b5 8. O-O b4
9. Ne2 a5 10. Nh4 Qb6 11. Rb1 c4+ 12. Kh1 cxd3 13. cxd3 Ba6 14. Rf3 Qb5 15. b3
Nf6 16. Bb2 O-O 17. Re3 Qb6 18. Rf3 Ng4 19. Qe1 Bxd3 20. Bxg7 Kxg7 21. Rd1 Bxe4
22. Rf1 Bxg2+ 23. Nxg2 Ne3 24. Nxe3 Qxe3 25. Rd2 Kg8 26. Qd1 Rbc8 27. Rd3 Qb6
28. Qd2 Na7 29. h3 Nb5 30. Rd1 Rc5 31. Rc1 Rfc8 32. Rxc5 Rxc5 33. Qe3 Qb7+ 34.
Kh2 Qc7 35. Qd2 Rc2 36. Qe3 Rxa2 37. g4 Qc2 0-1

[Event "39th Olympiad Khanty-Mansiysk 2010"]
[Site "Khanty-Mansiysk/Russia"]
[Date "2010.09.21"]
[Round "1"]
[White "Premanath, Dinushki"]
[Black "Nguyen, Thi Thanh An"]
[Result "*"]
[WhiteElo "1853"]
[BlackElo "2306"]
[PlyCount "98"]
[EventDate "2010.??.??"]
[WhiteTeam "Sri Lanka"]
[BlackTeam "Vietnam"]
[WhiteTeamCountry "SRI"]
[BlackTeamCountry "VIE"]
[TimeControl "40/5400+30:1800+30"]

1. e4 c5 2. Nf3 Nc6 3. d4 cxd4 4. Nxd4 Nf6 5. Nc3 d6 6. Be2 e5 7. Nb3 Be7 8.
Be3 O-O 9. O-O a5 10. Kh1 Be6 11. f4 a4 12. Nd2 a3 13. b3 exf4 14. Bxf4 Ne5 15.
Nf3 Ng6 16. Bd2 Qb6 17. Bd3 Ng4 18. Qe1 Rfc8 19. Nd5 Bxd5 20. exd5 Bf6 21. Rd1
Re8 22. Qg3 Ne3 23. Bxe3 Rxe3 24. Qf2 Qa7 25. Rde1 Rxe1 26. Qxe1 Qc5 27. Bxg6
hxg6 28. c4 b5 29. Qe4 bxc4 30. bxc4 Rc8 31. Rc1 Qf2 32. Qc2 Qb6 33. Qe4 Qb2
34. Qc2 Re8 35. Ng1 Qxc2 36. Rxc2 Re1 37. g3 Bd4 38. Rg2 Rc1 39. h3 Rxc4 40.
Rd2 Rb4 41. Nf3 Bc5 42. Kg2 Rb1 43. g4 g5 44. Re2 f6 45. Rd2 Bb4 46. Rd4 Rb2+
47. Kg3 Bc5 48. Rd2 Be3 49. Rg2 Bf4# *

[Event "39th Olympiad Khanty-Mansiysk 2010"]
[Site "Khanty-Mansiysk/Russia"]
[Date "2010.09.21"]
[Round "1"]
[White "Jwan, Jamal Mohammed Amee"]
[Black "Rakic, Marija"]
[Result "0-1"]
[WhiteElo "1849"]
[BlackElo "2317"]
[PlyCount "125"]
[EventDate "2010.??.??"]
[WhiteTeam "Iraq"]
[BlackTeam "SRB"]
[WhiteTeamCountry "IRQ"]
[TimeControl "40/5400+30:1800+30"]

1. d4 Nf6 2. c4 e6 3. Nc3 Bb4 4. Bg5 O-O 5. Nf3 h6 6. Bh4 Be7 7. e3 d5 8. Rc1
Nbd7 9. cxd5 exd5 10. Bd3 b6 11. O-O c5 12. dxc5 bxc5 13. b3 Bb7 14. Bb1 Qb6
15. Qc2 Qe6 16. Ne2 Ne4 17. Nf4 Qd6 18. Bxe7 Qxe7 19. Rfd1 Ndf6 20. Nd2 Rac8
21. Nxe4 dxe4 22. Qc4 Rfd8 23. Ng6 Qe8 24. Nf4 Rd7 25. Bc2 Rdc7 26. Rd2 Bc6 27.
a4 g5 28. Ne2 Bd7 29. Nc3 Be6 30. Qe2 Qc6 31. h3 Kg7 32. Rcd1 c4 33. b4 a6 34.
Rd6 Qb7 35. b5 axb5 36. axb5 Ra8 37. Ba4 Rd7 38. Rxd7 Nxd7 39. Qb2 Kg8 40. Qb4
Rc8 41. Rd4 Nc5 42. Bc2 Nd3 43. Qb1 f5 44. Rd6 Kf7 45. Ra6 Nc5 46. Ra2 Nb3 47.
Ra6 Qd7 48. Qd1 Qxd1+ 49. Bxd1 Nc5 50. Ra7+ Kf6 51. Kf1 Rd8 52. Be2 Rd2 53. Ra2
Rd7 54. Rb2 Nb3 55. Ke1 Ke5 56. Na4 Ra7 57. Nc3 Kd6 58. Kd1 Kc5 59. Kc2 Rd7 60.
Kb1 Rd8 61. g4 fxg4 62. hxg4 Bd5 63. Bd1 0-1

[Event "39th Olympiad Khanty-Mansiysk 2010"]
[Site "Khanty-Mansiysk/Russia"]
[Date "2010.09.21"]
[Round "1"]
[White "Neo, Xiuwen Christabel"]
[Black "Bodnaruk, Anastasia"]
[Result "0-1"]
[WhiteElo "1846"]
[BlackElo "2399"]
[PlyCount "68"]
[EventDate "2010.??.??"]
[WhiteTeam "Singapore"]
[BlackTeam "RU2"]
[WhiteTeamCountry "SIN"]
[TimeControl "40/5400+30:1800+30"]

1. e4 c5 2. Nf3 d6 3. Bb5+ Nc6 4. O-O Bd7 5. d4 cxd4 6. Nxd4 Nf6 7. Re1 g6 8.
c4 Bg7 9. Nc3 O-O 10. Nxc6 bxc6 11. Ba4 Rb8 12. Rb1 Ng4 13. Bf4 Qa5 14. Qc2
Rxb2 15. Rxb2 Bxc3 16. Bd2 Bxd2 17. Qxd2 Qxa4 18. c5 Ne5 19. Rb4 Qa5 20. cxd6
exd6 21. Reb1 c5 22. R4b2 Qxd2 23. Rxd2 Nc4 24. Rd3 a5 25. Rc1 Be6 26. Rdc3 Rb8
27. f4 Nd2 28. Re1 Rb4 29. Ra3 a4 30. Rae3 Rb2 31. Ra3 Rb4 32. Rae3 Rd4 33.
R3e2 Bc4 34. Re3 Bxa2 0-1

[Event "39th Olympiad Khanty-Mansiysk 2010"]
[Site "Khanty-Mansiysk/Russia"]
[Date "2010.09.21"]
[Round "1"]
[White "Antonova, Nadezhda"]
[Black "Mamedjarova, Turkan"]
[Result "1/2-1/2"]
[WhiteElo "1838"]
[BlackElo "2301"]
[PlyCount "71"]
[EventDate "2010.??.??"]
[WhiteTeam "Tajikistan"]
[BlackTeam "Azerbaijan"]
[WhiteTeamCountry "TJK"]
[BlackTeamCountry "AZE"]
[TimeControl "40/5400+30:1800+30"]

1. d4 e6 2. c4 f5 3. g3 Nf6 4. Bg2 Be7 5. Nf3 O-O 6. O-O Ne4 7. Nbd2 Bf6 8.
Nxe4 fxe4 9. Ne5 d6 10. Ng4 d5 11. Nxf6+ Qxf6 12. f3 Nc6 13. fxe4 Qxd4+ 14.
Qxd4 Nxd4 15. Rxf8+ Kxf8 16. cxd5 exd5 17. Be3 Nxe2+ 18. Kf2 d4 19. Bd2 d3 20.
Ke3 Bd7 21. Bb4+ Kg8 22. Kxd3 Bb5+ 23. Ke3 Rd8 24. e5 b6 25. a4 Nd4 26. Be4 Bc6
27. Bc3 Bxe4 28. Bxd4 Bd5 29. b4 Kf7 30. a5 Ke6 31. Rf1 Rb8 32. axb6 axb6 33.
Rc1 c6 34. Ra1 Rb7 35. Ra6 b5 36. Ra7 1/2-1/2

[Event "39th Olympiad Khanty-Mansiysk 2010"]
[Site "Khanty-Mansiysk/Russia"]
[Date "2010.09.21"]
[Round "1"]
[White "Kaydanovich, Marina"]
[Black "Galojan, Lilit"]
[Result "0-1"]
[WhiteElo "1837"]
[BlackElo "2373"]
[PlyCount "92"]
[EventDate "2010.??.??"]
[WhiteTeam "IPC"]
[BlackTeam "Armenia"]
[BlackTeamCountry "ARM"]
[TimeControl "40/5400+30:1800+30"]

1. e4 c5 2. Nf3 e6 3. Nc3 Nc6 4. d4 cxd4 5. Nxd4 Qc7 6. Ndb5 Qb8 7. Be3 a6 8.
Nd4 Qc7 9. a3 Nf6 10. Be2 b5 11. O-O Bb7 12. Nb3 d6 13. f4 Be7 14. Bf2 O-O 15.
Bf3 Rfe8 16. Qe2 Nd7 17. Rad1 Rad8 18. Rfe1 Nb6 19. Na2 Nc4 20. c3 e5 21. f5
Bf6 22. Qc2 g6 23. fxg6 hxg6 24. Nbc1 Ne7 25. Nb4 a5 26. Nd5 Nxd5 27. exd5 Kg7
28. Nb3 Bg5 29. Nc1 f5 30. Qb3 Ba6 31. Qc2 Bf6 32. g3 e4 33. Bg2 e3 34. Nd3
exf2+ 35. Qxf2 Qb6 36. Qxb6 Nxb6 37. Nf4 Bc8 38. Kf2 Nc4 39. Nd3 Kf7 40. Ra1 a4
41. Rab1 Bd7 42. Rbc1 Bg5 43. Rc2 Be3+ 44. Ke2 Bd2+ 45. Kd1 Bxe1 46. Nxe1 Ne3+
0-1